 Dungeon Crawl Stone Soup version 0.30-a0-325-gb515db48ae (webtiles) character file.

Game seed: 17888571475398625203

2181 MrRokkomies the Chucker (level 9, -2/83 HPs)
             Began as an Armataur Gladiator on Oct 28, 2022.
             Was a Follower of Uskayaw.
             Slain by a death yak (19 damage)
             ... on level 8 of the Dungeon.
             The game lasted 00:10:54 (6772 turns).

MrRokkomies the Chucker (Armataur Gladiator)        Turns: 6772, Time: 00:10:55

Health: -2/83      AC: 10    Str: 24    XL:     9   Next: 11%
Magic:  11/11      EV:  7    Int: 14    God:    Uskayaw [*.....]
Gold:   410        SH:  5    Dex: 12    Spells: 8/8 levels left

rFire   . . .      SeeInvis .    b - +2 dagger (venom)
rCold   . . .      Faith    .    (no shield)
rNeg    . . .      Spirit   .    j - +0 chain mail
rPois   .          Reflect  +    c - +0 helmet
rElec   .          Harm     .    B - scarf {shadows}
rCorr   .          Roll     +    (no gloves)
Will    .....                    (no barding)
Stlth   ..........               n - amulet of reflection
HPRegen 0.33/turn                z - +6 ring of intelligence
MPRegen 0.12/turn                (no ring)

@: no status effects
A: large, rugged brown scales 3, deformed body, armoured tail, roll, long
tongue, awkward tongue
a: Renounce Religion, Stomp


You were on level 8 of the Dungeon.
You worshipped Uskayaw.
Uskayaw was noncommittal.
You visited 2 branches of the dungeon, and saw 9 of its levels.

You collected 410 gold pieces.

Inventory:

Hand Weapons
 a - a +0 quarterstaff
 b - a +2 dagger of venom (weapon)
 h - a +0 flail
 v - a +0 dire flail
Missiles
 e - 4 javelins (quivered)
 o - 3 boomerangs of dispersal
 t - 5 boomerangs
 F - 5 poisoned darts
 G - 2 silver boomerangs
Armour
 c - a +0 helmet (worn)
 j - a +0 chain mail (worn)
 r - an orb of light
 B - a scarf of shadows (worn)
Jewellery
 n - an amulet of reflection (around neck)
 z - a +6 ring of intelligence (left hand)
 E - an amulet of guardian spirit
Wands
 g - a wand of digging (5)
 i - a wand of flame (25)
 s - a wand of mindburst (14)
 w - a wand of quicksilver (8)
Scrolls
 f - 3 scrolls of fog
 l - a scroll of poison
 y - 2 scrolls of identify
 D - 2 scrolls of teleportation
Potions
 k - 2 potions of attraction
 p - a potion of lignification
 q - 2 potions of mutation
 u - a potion of flight
 x - 2 potions of berserk rage {unknown}
 A - 3 potions of curing


   Skills:
 * Level 6.6 Fighting
 - Level 2.6 Maces & Flails
 * Level 6.6 Throwing
 + Level 5.5 Armour
 - Level 3.1 Dodging
 + Level 3.6 Invocations


You had 8 spell levels left.
You didn't know any spells.
Your spell library contained the following spells:

 Spells                   Type           Power      Damage    Failure   Level
 Animate Dead             Necr           0%         N/A       100%        4
 Freezing Cloud           Conj/Ice/Air   0%         6-21      100%        5
 Simulacrum               Ice/Necr       0%         N/A       100%        6
 Haunt                    Necr/Summ      0%         N/A       100%        7
 Infestation              Necr           0%         N/A       100%        8
 Polar Vortex             Ice            0%         N/A       100%        9


Dungeon Overview and Level Annotations

Branches:
Dungeon (8/15)             Temple (1/1) D:4            Lair (0/5) D:8

Altars:
Ashenzari
Cheibriados
Dithmenos
Fedhas
Gozag
Kikubaaqudgha
Makhleb
Nemelex Xobeh
Okawaru
Qazlal
Ru
Sif Muna
Trog
Uskayaw
Vehumet
Xom
Yredelemnul
Zin
The Shining One


Innate Abilities, Weirdness & Mutations

You are completely covered in rugged brown scales. (AC +3, +7% HP)
Armour fits poorly on your strangely shaped body.
You have a long armoured tail.
You roll when moving toward enemies. (Rampage)
Your long tongue fully drains potion bottles. (2x potion effects)
Your tongue gives you trouble enunciating. (1.5x scroll delay)


Message History

You slurp down every last drop of the potion of heal wounds!
You feel much better. The death yak gores you!
You can no longer pass through a line of other dancers.
You barely miss the death yak.
The death yak is heavily wounded.
The death yak gores you.
You hit the death yak but do no damage.
The death yak looks as sick as possible!
The death yak is heavily wounded.
The death yak gores you but does no damage.
You hit the death yak but do no damage.
The death yak looks as sick as possible!
The death yak is severely wounded.
The death yak gores you but does no damage.
You hit the death yak. You tail-slap the death yak.
The death yak is severely wounded.
The death yak barely misses you.
You hit the death yak but do no damage.
The death yak is severely wounded.
The death yak snorts and paws the ground.
The death yak closely misses you.
You barely miss the death yak.
The death yak is almost dead.
The death yak gores you but does no damage.
You hit the death yak but do no damage.
The death yak is almost dead.
The death yak gores you!
The killer bee buzzes angrily.
You hit the death yak but do no damage.
The death yak is almost dead.
The death yak closely misses you.
You hit the death yak but do no damage.
The death yak looks as sick as possible!
The death yak is almost dead.
The death yak gores you!
* * * LOW HITPOINT WARNING * * *
You hit the death yak but do no damage.
The death yak is almost dead.
The death yak gores you!!
You die...

..>.y. ......
.........!...$
.#.#..=.......
.r....#.......
.r..yy#......
.....Y#....#
#Y....#
#@....#
#.†...#
#.....#
##...$.#
#....###
#....# #....#
#>...# #....+
#....# #....#
#....# #....#
+....#


You could see 2 death yaks and 2 killer bees.

Vanquished Creatures
  Maurice (D:8)
  Menkaure (D:7)
  A water moccasin (D:7)
  A black bear (D:7)
  An orc warrior (D:6)
  A sky beast (D:7)
  2 ogres
  2 phantoms
  2 bullfrogs (D:7)
  A necrophage (D:6)
  A scorpion (D:5)
  2 water moccasin zombies (D:4)
  A howler monkey (D:5)
  2 hounds
  A jelly (D:5)
  A bullfrog skeleton (D:4)
  A gnoll bouda (D:7)
  6 iguanas
  2 orc wizards (D:6)
  4 hound zombies (D:4)
  5 gnolls (D:7)
  8 adders
  A shadow imp (D:7)
  2 ufetubi
  4 adder skeletons (D:4)
  2 adder zombies (D:4)
  A worm (D:3)
  A dart slug (D:3)
  9 orcs
  9 bats
  7 endoplasms
  4 giant cockroaches
  10 goblins
  11 hobgoblins
  4 jackals (D:1)
  4 kobolds
  6 quokkas
  11 ball pythons
  3 frilled lizards
  A quokka skeleton (D:4)
  A quokka zombie (D:4)
  8 rats
146 creatures vanquished.

Vanquished Creatures (others)
  2 fungi (D:7)
2 creatures vanquished.

Grand Total: 148 creatures vanquished

Notes
Turn   | Place    | Note
-------+----------+-------------------------------------------
     0 | D:1      | MrRokkomies the Armataur Gladiator began the quest for the
                  | Orb.
     0 | D:1      | Reached XP level 1. HP: 18/18 MP: 1/1
    63 | D:1      | Reached XP level 2. HP: 16/25 MP: 2/2
   517 | D:1      | Reached skill level 1 in Armour
   711 | D:2      | Reached XP level 3. HP: 31/31 MP: 3/3
   992 | D:2      | Found a faded altar of an unknown god.
  1248 | D:3      | Reached XP level 4. HP: 38/39 MP: 4/4
  1843 | D:4      | Reached XP level 5. HP: 21/48 MP: 5/5
  1985 | D:4      | Reached XP level 6. HP: 32/54 MP: 6/6
  2553 | D:4      | Found a staircase to the Ecumenical Temple.
  2562 | Temple   | Entered the Ecumenical Temple
  2938 | Temple   | Became a worshipper of Uskayaw the Reveller
  3014 | D:4      | Reached * piety under Uskayaw
  3033 | D:4      | Reached ** piety under Uskayaw
  3129 | D:4      | Reached XP level 7. HP: 63/63 MP: 7/7
  3385 | D:5      | Entered Level 5 of the Dungeon
  3568 | D:5      | Reached skill level 1 in Invocations
  3750 | D:5      | Found an opulent altar of Gozag.
  4514 | D:6      | Reached skill level 5 in Fighting
  4514 | D:6      | Reached skill level 5 in Throwing
  4566 | D:6      | Reached XP level 8. HP: 17/72 MP: 9/9
  5391 | D:6      | Found a stormy altar of Qazlal.
  5487 | D:6      | Found a shimmering blue altar of Sif Muna.
  5817 | D:7      | Reached *** piety under Uskayaw
  5858 | D:7      | Found a sacrificial altar of Ru.
  5860 | D:7      | Found a shadowy altar of Dithmenos.
  5861 | D:7      | Found a basalt altar of Yredelemnul.
  5862 | D:7      | Found a shimmering altar of Xom.
  6295 | D:7      | Noticed Menkaure
  6299 | D:7      | Killed Menkaure
  6300 | D:7      | Reached skill level 5 in Armour
  6624 | D:8      | Noticed Maurice
  6642 | D:8      | Killed Maurice
  6643 | D:8      | Reached XP level 9. HP: 54/83 MP: 11/11
  6745 | D:8      | Noticed a death yak
  6747 | D:8      | Noticed a death yak
  6748 | D:8      | Found a staircase to the Lair.
  6748 | D:8      | Noticed a death yak
  6772 | D:8      | Slain by a death yak

Illustrated notes

Levels and vault maps discovered:
D:1:      dpeg_arrival_line_fractal, layout_basic
D:2:      layout_rooms, serial_corexii_hall, corexii_hall_statues_s,
          corexii_hall_statues_l, chequers_ecumenical_altar_island,
          minmay_tromino_v4_b
D:3:      layout_rooms
D:4:      layout_cave_pools, minmay_temple_entry_grid, serial_undead,
          serial_undead_a, serial_undead_a, serial_undead_a, serial_undead_f,
          serial_undead_e
D:5:      layout_loops_cross, grunt_gozag_breadcrumbs
D:6:      layout_basic, nicolae_qazlal_scattered_showers,
          kennysheep_orc_sif_temple
D:7:      layout_loops_ring, mainiacjoe_overflow_alcove_3,
          kennysheep_pointless_box, uniq_menkaure
D:8:      minmay_statue_hallways, layout_gridville,
          nicolae_hepliaklqana_hippocampus, dpeg_lair_monsters, nrook_campfire,
          uniq_gastronok, uniq_maurice, uniq_joseph
Temple:   minmay_temple_forest_path

Skill      XL: |  1  2  3  4  5  6  7  8 |
---------------+-------------------------+-----
Throwing       | 2 3 4 5 6 |  6.6
Fighting       | 2 3 4 5 6 |  6.6
Armour         | 1 2 3 4 5 |  5.5
Dodging        | 3 |  3.1
Invocations    | 2 3 |  3.6
Maces & Flails | |  2.6

Action                   |  1- 3 |  4- 6 |  7- 9 || total
-------------------------+-------+-------+-------++-------
Melee: Flail             |    84 |     6 |       ||    90
       Tailslap          |    11 |    22 |    36 ||    69
       Quarterstaff      |    46 |   153 |    84 ||   283
       Dagger            |       |    21 |   143 ||   164
       Punch             |       |       |     1 ||     1
Throw: Dart              |       |       |     5 ||     5
       Throwing net      |       |       |     4 ||     4
  Use: Potion            |       |     5 |     2 ||     7
       Scroll            |       |     8 |     3 ||    11
 Stab: Paralysed         |       |       |     1 ||     1
Armor: Leather armour    |    13 |       |       ||    13
       Chain mail        |    82 |   145 |   101 ||   328
       Ring mail         |     3 |       |       ||     3
Dodge: Dodged            |    53 |    70 |    58 ||   181
Block: Other             |     1 |    50 |    36 ||    87
       Reflection        |       |     1 |     1 ||     2

Table legend: (Time is in decaauts)
 A = Elapsed time spent in this place.
 B = Non-inter-level travel time spent in this place.
 C = Inter-level travel time spent in this place.
 D = Time resting spent in this place.
 E = Time spent auto-exploring this place.
 F = Levels seen in this place.
 G = Mean time per level.
                   A        B        C        D        E       F      G
               +--------+--------+--------+--------+--------+-----+--------+
         Total |   6877 |   6577 |    300 |   1053 |   4378 |   9 |  764.1 |
       Dungeon |   6442 |   6214 |    228 |   1053 |   4028 |   8 |  805.2 |
        Temple |    434 |    363 |     71 |      0 |    350 |   1 |  434.0 |
               +--------+--------+--------+--------+--------+-----+--------+

Top non-repeatable levels by time:
     D:6: 1281 daAuts
     D:7: 1049 daAuts
     D:4: 933 daAuts
     D:5: 913 daAuts
     D:3: 870 daAuts
     D:1: 721 daAuts
     D:2: 511 daAuts
  Temple: 434 daAuts
     D:8: 160 daAuts
